 Dungeon Crawl Stone Soup version 0.19.5 (webtiles) character file.

4908 Peloso the Carver (level 10, -1/86 HPs)
             Began as a Minotaur Fighter on Apr 17, 2017.
             Was a High Priest of Okawaru.
             Killed by divine providence
             ... invoked by an orc priest
              (12 damage)
             ... on level 9 of the Dungeon.
             The game lasted 00:18:21 (7824 turns).

Peloso the Carver (Minotaur Fighter)                Turns: 7824, Time: 00:18:22

Health: -1/86      AC: 20    Str: 23    XL:     10   Next: 27%
Magic:  1/3        EV: 11    Int:  5    God:    Okawaru [*****.]
Gold:   304        SH: 15    Dex: 15    Spells: 0 memorised, 9 levels left

rFire  . . .     SeeInvis .     o - +0 falchion (antimagic)
rCold  . . .     Gourm    .     K - +0 plate armour
rNeg   . . .     Faith    .     c - +1 shield
rPois  .         Spirit   .     (helmet restricted)
rElec  .         Reflect  .     (no cloak)
rCorr  .         Harm     .     (no gloves)
MR     +....                    G - +2 pair of boots
Stlth  ..........               (no amulet)
                                E - +4 ring of dexterity
                                m - ring of protection from magic

@: heroism
A: retaliatory headbutt, horns 2
a: Heroism, Finesse, Renounce Religion


You were on level 9 of the Dungeon.
You worshipped Okawaru.
Okawaru was extremely pleased with you.
You were not hungry.

You visited 1 branch of the dungeon, and saw 9 of its levels.
You also visited: Sewer.

You collected 304 gold pieces.

Inventory:

Hand Weapons
 a - a +1 long sword
 n - a +2 whip of flaming
 o - a +0 antimagic falchion (weapon)
Armour
 c - a +1 shield (worn)
 p - a +0 chain mail
 x - the -1 pair of gloves "Vysk" {rCorr Int+3 Dex-3}
   (You found it on level 4 of the Dungeon)

   It affects your intelligence (+3).
   It affects your dexterity (-3).
   It protects you from acid and corrosion.
 G - a +2 pair of boots (worn)
 K - a +0 plate armour (worn)
Jewellery
 m - a ring of protection from magic (left hand)
 s - an uncursed ring of positive energy
 E - a +4 ring of dexterity (right hand)
Wands
 w - a wand of paralysis (24/24)
 y - a wand of iceblast (1/15)
 C - a wand of disintegration (16/24)
Scrolls
 j - 2 scrolls of remove curse
 l - a scroll of fog
 q - a scroll of magic mapping {unknown}
 t - 5 scrolls of teleportation
 B - 2 scrolls of enchant weapon
 F - 3 scrolls of vulnerability {unknown}
 H - a scroll of recharging
 I - a scroll of identify
 L - a scroll of immolation {unknown}
 M - 2 scrolls of acquirement {unknown}
 O - a scroll of amnesia
Potions
 b - 2 potions of resistance
 d - a potion of might
 e - 2 potions of degeneration
 h - 2 potions of brilliance
 i - a potion of magic
 r - 3 potions of heal wounds
 u - 3 potions of agility
 v - 3 potions of flight
 z - 3 potions of curing
 A - a potion of ambrosia {unknown}
Books
 J - a book of Geomancy

   Spells                             Type                      Level
   a - Sandblast                      Earth                        1
   b - Passwall                       Transmutation/Earth          2
   c - Stone Arrow                    Conjuration/Earth            3
   d - Petrify                        Transmutation/Earth          4
   e - Lee's Rapid Deconstruction     Earth                        5
Comestibles
 f - 10 bread rations
 g - 3 slices of pizza
 k - 4 meat rations
 D - 7 beef jerkies
 N - a chunk of flesh


   Skills:
 + Level 7.5(12.5) Fighting
 + Level 10.7(15.7) Long Blades
 + Level 9.2(14.2) Armour
 + Level 2.3(7.3) Dodging
 + Level 1.5(6.5) Stealth
 + Level 10.1(15.1) Shields
 + Level 0.4 Invocations


You had 9 spell levels left.
You didn't know any spells.

Dungeon Overview and Level Annotations

Branches:
Dungeon (9/15)             Temple (0/1) D:5
   Lair: D:8-11         Orc: D:9-12

Altars:
Cheibriados
Okawaru
Ru
Sif Muna
Zin
The Shining One

Shops:
D:4 (


Innate Abilities, Weirdness & Mutations

You reflexively headbutt those who attack you in melee.
You have a pair of horns on your head.


Message History

You hit the orc warrior but do no damage.
Your headbutt misses the orc warrior.
The orc warrior is heavily wounded.
You block the orc warrior's attack.
You gain the combat prowess of a mighty hero.
The orc warrior hits you with a battleaxe.
You barely miss the orc warrior.
You headbutt the orc warrior, but do no damage.
The orc warrior is heavily wounded.
The orc priest calls upon Beogh to heal the orc warrior.
The orc warrior is healed somewhat.
You hit the orc warrior.
The orc warrior is heavily wounded.
The orc warrior hits you with a battleaxe!
* * * LOW HITPOINT WARNING * * *
You closely miss the orc warrior.
The orc warrior is heavily wounded.
The orc priest calls down the wrath of Beogh upon you.
Beogh smites you!
You die...

########## .
####........# #
.......)....# #
............#
............#
.o....oo....#
####
....###o#####
...# ... ##@#
...# .. #..# ...#
#..# .... #..#
.....# #..#
#.##.# ###..#
..... ######...##
...# ###........#
...###...####..##


You could see an orc warrior, an orc priest and an orc.

Vanquished Creatures
  Psyche (D:9)
  Joseph (D:8)
  The ghost of AAAAA the Covert, a novice OpAs of Yredelemnul (D:5)
  A hippogriff (D:8)
  A shadow (D:7)
  A water moccasin (D:8)
  2 sky beasts (D:5)
  3 ice beasts
  An orc warrior (D:8)
  4 phantoms
  A necrophage (D:8)
  2 ogres (D:7)
  3 centaurs
  A big kobold (Sewer)
  Blork the orc (D:5)
  5 bullfrogs (D:6)
  2 scorpions
  6 killer bees (D:9)
  3 howler monkeys (D:8)
  A crimson imp (D:9)
  2 jellies (D:9)
  3 hounds
  7 orc priests
  A gnoll shaman (D:8)
  A bullfrog skeleton (D:7)
  3 iguanas
  8 orc wizards
  8 worker ants
  A hound skeleton (D:9)
  A worker ant zombie (D:8)
  13 adders
  3 gnolls (D:8)
  A river rat (D:4)
  2 shadow imps
  An ooze (D:1)
  An adder skeleton (D:4)
  A worm (D:3)
  3 dart slugs
  5 leopard geckos
  21 orcs
  5 bats
  7 giant cockroaches
  9 goblins
  5 hobgoblins
  6 jackals
  10 kobolds
  3 frilled lizards
  A jackal skeleton (D:4)
  A leopard gecko skeleton (D:5)
  12 rats
186 creatures vanquished.

Notes
Turn   | Place    | Note
-------+----------+-------------------------------------------
     0 | D:1      | Peloso the Minotaur Fighter began the quest for the Orb.
     0 | D:1      | Reached XP level 1. HP: 19/19 MP: 0/0
    84 | D:1      | Reached XP level 2. HP: 26/27 MP: 1/1
   918 | D:1      | You fall through a shaft!
   922 | D:2      | Reached XP level 3. HP: 32/33 MP: 2/2
   981 | D:2      | Found a sacrificial altar of Ru.
  1623 | D:3      | Reached XP level 4. HP: 41/41 MP: 3/3
  1797 | D:3      | Found a faded altar of an unknown god.
  1797 | D:3      | Found a glowing golden altar of the Shining One.
  1805 | D:3      | Found an iron altar of Okawaru.
  1808 | D:3      | Found a faded altar of an unknown god.
  1809 | D:3      | Found a faded altar of an unknown god.
  1812 | D:3      | Became a worshipper of Warmaster Okawaru
  1991 | D:3      | Reached XP level 5. HP: 43/47 MP: 4/4
  2798 | D:4      | Found Meimo's Antique Weapon Shop.
  2806 | D:4      | Got a pair of pitted gloves
  2812 | D:4      | Identified the cursed -1 pair of gloves "Vysk" {rCorr Int+3 Dex-3} (You found it on level 4 of the Dungeon)
  2919 | D:4      | Noticed a phantom
  2923 | D:4      | Reached * piety under Okawaru
  2939 | D:4      | Killed a phantom
  2939 | D:4      | Reached skill level 5 in Fighting
  2939 | D:4      | Reached skill level 5 in Long Blades
  2939 | D:4      | Reached XP level 6. HP: 45/56 MP: 1/5
  3052 | D:4      | Found a glowing drain.
  3081 | Sewer    | Entered a sewer
  3158 | Sewer    | Reached skill level 5 in Armour
  3183 | Sewer    | Found a white marble altar of Elyvilon.
  3356 | D:4      | Reached skill level 5 in Shields
  3618 | D:5      | Entered Level 5 of the Dungeon
  3718 | D:5      | Noticed AAAAA's ghost (novice OpAs)
  3723 | D:5      | Killed AAAAA's ghost
  3723 | D:5      | Reached skill level 1 in Stealth
  3723 | D:5      | Reached XP level 7. HP: 61/61 MP: 2/6
  3732 | D:5      | Noticed Blork the orc
  3739 | D:5      | Killed Blork the orc
  3739 | D:5      | Reached ** piety under Okawaru
  3739 | D:5      | Reached skill level 1 in Dodging
  4058 | D:5      | Found a staircase to the Ecumenical Temple.
  4143 | D:5      | Reached XP level 8. HP: 44/69 MP: 2/7
  4689 | D:6      | Reached *** piety under Okawaru
  5240 | D:7      | Reached XP level 9. HP: 60/77 MP: 2/8
  5737 | D:7      | Reached **** piety under Okawaru
  6243 | D:8      | Reached skill level 10 in Long Blades
  6479 | D:8      | Noticed Joseph
  6509 | D:8      | Killed Joseph
  6546 | D:8      | Found a deep blue altar of Sif Muna.
  6610 | D:8      | Found a snail-covered altar of Cheibriados.
  6612 | D:8      | Found a glowing silver altar of Zin.
  6657 | D:8      | Reached ***** piety under Okawaru
  7083 | D:8      | Reached XP level 10. HP: 86/86 MP: 3/9
  7703 | D:9      | Noticed Psyche
  7721 | D:9      | Killed Psyche
  7721 | D:9      | Reached skill level 10 in Shields
  7824 | D:9      | Killed from afar by an orc priest

Skill      XL: |  1  2  3  4  5  6  7  8  9 10 |
---------------+-------------------------------+-----
Fighting       | 4 5 6 7 |  7.5
Shields        | 4 5 6 7 9 10 | 10.1
Long Blades    | 3 4 5 6 7 9 10 | 10.7
Armour         | 4 5 6 7 8 9 |  9.2
Stealth        | 1 |  1.5
Dodging        | 1 2 |  2.3
Invocations    | |  0.4

Action                   |  1- 3 |  4- 6 |  7- 9 | 10-12 || total
-------------------------+-------+-------+-------+-------++-------
Melee: Long sword        |    87 |    59 |       |       ||   146
       Headbutt          |    11 |    29 |   102 |    33 ||   175
       Falchion          |       |    76 |   447 |   135 ||   658
Invok: Heroism           |       |       |       |     3 ||     3
  Use: Potion            |     2 |     1 |     2 |     2 ||     7
       Scroll            |     6 |     9 |     1 |       ||    16
 Stab: Invisible         |       |       |       |     1 ||     1
  Eat: Chunk             |     2 |     5 |    12 |     3 ||    22
       Beef jerky        |       |     1 |       |       ||     1
Armor: Scale mail        |    22 |       |       |       ||    22
       Chain mail        |    19 |    58 |   174 |     4 ||   255
       Plate armour      |       |       |       |    34 ||    34
Dodge: Dodged            |    20 |    26 |    89 |    20 ||   155
Block: Shield            |    55 |    64 |   249 |    84 ||   452
       Rpst.: Long sword |     5 |     3 |       |       ||     8
       Falchion          |       |     2 |    33 |     6 ||    41
